AoeStats
← KootH.

African Clearing

506760220Analyzed
4v4 RM · 16d ago on Sep 15, 2026· 64m 56s· 8 players
Game mode
Random Map
Map size
Large (8 player)
Population
200
Speed
Normal
Resources
Standard
Victory
Conquest
Starting age
Dark Age
Ending age
Imperial Age
RankedLock teamsTeams togetherTeam positionsShared explorationLock speedFull tech treeHidden civsTurbo modeCheats
Victory
Defeat
🇺🇸 Japanese · United States
1457
+16
🇹🇷 Magyars · Türkiye
1406
+18
🇨🇦 Malay · Canada
1402
+18
🇺🇸 Ethiopians · United States
1362
+21
🇺🇸 Persians · United States
1465
-19
🇨🇴 Magyars · Colombia
1462
-19
🇧🇷 Huns · Brazil
1455
-18
🇦🇷 Burgundians · Argentina
1418
-17
WX_Lancer
7:37 Loom
10:46 Loom
13:40 Feudal Age
17:24 Castle Age
16:02 Double-Bit Axe
16:44 Gold Mining
17:56 Fletching
18:32 Bodkin Arrow
19:32 Crossbowman
22:24 Padded Archer Armor
24:37 Bow Saw
26:15 Wheelbarrow
29:09 Leather Archer Armor
30:07 Horse Collar
31:54 Ballistics
38:24 Imperial Age
38:00 Hand Cart
38:00 Heavy Plow
38:46 Thumb Ring
39:06 Bracer
40:09 Chemistry
38:45 Arbalester
40:41 Gold Shaft Mining
41:22 Two-Man Saw
41:15 Squires
41:24 Scale Mail Armor
41:35 Forging
41:55 Ring Archer Armor
43:36 Conscription
46:06 Chain Mail Armor
48:25 Halberdier
51:02 Plate Mail Armor
53:55 Masonry
54:51 Elite Skirmisher
56:38 Stone Mining
61:00 Arson
62:34 Iron Casting
62:56 Stone Shaft Mining
62:30 Siege Engineers
62:56 Architecture
64:42 Blast Furnace
johnnyboy
10:09 Loom
13:26 Feudal Age
17:58 Castle Age
15:53 Horse Collar
16:32 Double-Bit Axe
17:51 Fishing Lines
19:05 Gillnets
23:51 Bow Saw
28:58 Wheelbarrow
28:09 Town Watch
31:26 Imperial Age
30:12 Hand Cart
31:32 Gold Mining
31:32 Stone Mining
31:30 Elite Samurai
32:58 Conscription
32:46 Scale Mail Armor
32:56 Forging
32:37 Fletching
32:50 Heavy Plow
33:53 Two-Man Saw
33:58 Chain Mail Armor
34:12 Squires
33:57 Arson
36:23 Plate Mail Armor
36:28 Iron Casting
35:49 Bodkin Arrow
37:19 Yasama
37:40 Kataparuto
37:29 Pikeman
39:35 Blast Furnace
38:58 Ballistics
38:44 Siege Engineers
38:50 Masonry
39:41 Chemistry
38:30 Halberdier
39:52 Bracer
42:44 Guard Tower
42:40 Arrowslits
42:36 Treadmill Crane
45:15 Keep
47:26 Gold Shaft Mining
49:25 Murder Holes
53:10 Heavy Scorpion
57:58 Hoardings
Lothwen
10:19 Loom
13:14 Feudal Age
22:38 Fletching
33:39 Castle Age
31:51 Double-Bit Axe
47:38 Wheelbarrow
50:55 Hand Cart
52:46 Bodkin Arrow
52:52 Padded Archer Armor
54:30 Thumb Ring
58:33 Imperial Age
57:27 Bow Saw
57:52 Leather Archer Armor
59:08 Ballistics
60:27 Chemistry
59:29 Bracer
59:35 Heavy Cavalry Archer
60:44 Recurve Bow
62:22 Parthian Tactics
Mr. V
9:47 Loom
12:41 Feudal Age
12:39 Double-Bit Axe
14:19 Man-at-Arms
14:45 Arson
18:26 Castle Age
16:23 Horse Collar
17:01 Arson
19:43 Squires
20:24 Long Swordsman
25:41 Wheelbarrow
25:31 Forging
28:47 Pikeman
31:51 Hand Cart
32:02 Town Watch
32:45 Heavy Plow
33:00 Bow Saw
38:03 Imperial Age
36:46 Gold Mining
36:56 Stone Mining
37:13 Halberdier
39:03 Conscription
38:50 Capped Ram
42:19 Iron Casting
43:54 Crop Rotation
44:44 Two-Handed Swordsman
46:26 Blast Furnace
46:04 Forced Levy
47:27 Elite Karambit Warrior
50:42 Thumb Ring
49:57 Elite Skirmisher
50:28 Fletching
50:38 Padded Archer Armor
51:18 Siege Engineers
52:00 Caravan
52:28 Town Patrol
56:48 Bodkin Arrow
57:16 Ballistics
58:27 Chemistry
57:42 Leather Archer Armor
58:56 Treadmill Crane
59:27 Masonry
59:12 Murder Holes
59:19 Bracer
59:49 Ring Archer Armor
ila
3:41 Loom
6:06 Loom
14:00 Feudal Age
15:30 Double-Bit Axe
15:39 Fletching
16:28 Horse Collar
21:52 Town Watch
25:14 Castle Age
23:51 Gold Mining
23:52 Stone Mining
25:56 Scale Barding Armor
25:47 Bodkin Arrow
27:10 Husbandry
27:21 Bloodlines
27:23 Forging
36:25 Heavy Plow
38:41 Padded Archer Armor
39:22 Elite Skirmisher
40:55 Wheelbarrow
42:03 Bow Saw
42:20 Masonry
44:38 Leather Archer Armor
45:09 Ballistics
54:14 Imperial Age
54:05 Chain Barding Armor
54:53 Iron Casting
55:27 Plate Barding Armor
56:57 Conscription
58:50 Caravan
62:46 Crop Rotation
Kuroko
3:03 Loom
15:39 Feudal Age
21:13 Double-Bit Axe
21:45 Padded Archer Armor
21:37 Fletching
28:27 Castle Age
28:51 Crossbowman
29:43 Bodkin Arrow
36:56 Leather Archer Armor
40:04 Bloodlines
41:04 Husbandry
43:22 Ballistics
43:24 Elite Skirmisher
50:22 Wheelbarrow
49:58 Bow Saw
49:30 Horse Collar
51:08 Thumb Ring
54:57 Imperial Age
53:21 Light Cavalry
54:13 Forging
54:41 Scale Barding Armor
55:52 Heavy Plow
55:16 Hussar
56:18 Chain Barding Armor
57:40 Chemistry
56:41 Bracer
58:07 Plate Barding Armor
58:50 Iron Casting
62:44 Blast Furnace
63:56 Hand Cart
63:27 Town Watch
ValkriaN
3:00 Loom
7:57 Double-Bit Axe
14:58 Feudal Age
13:59 Gold Mining
14:27 Horse Collar
18:52 Castle Age
18:06 Stone Mining
20:26 Bow Saw
22:10 Wheelbarrow
21:44 Husbandry
25:01 Heavy Plow
28:28 Scale Barding Armor
31:23 Hand Cart
31:50 Cavalier
32:34 Padded Archer Armor
32:56 Chain Barding Armor
36:13 Imperial Age
34:38 Forging
36:38 Two-Man Saw
36:31 Fortified Wall
39:40 Chemistry
39:32 Iron Casting
39:34 Plate Barding Armor
39:38 Gold Shaft Mining
39:40 Stone Shaft Mining
39:11 Paladin
41:30 Blast Furnace
41:50 Light Cavalry
44:27 Caravan
44:33 Padded Archer Armor
45:11 Hussar
49:05 Conscription
52:38 Burgundian Vineyards
53:47 Elite Skirmisher
57:19 Ballistics
56:39 Treadmill Crane
61:40 Fletching
62:05 Leather Archer Armor
62:28 Bodkin Arrow
KootH.
5:09 Loom
14:08 Feudal Age
14:47 Double-Bit Axe
23:22 Fletching
32:07 Castle Age
31:18 Padded Archer Armor
32:09 Gold Mining
34:18 Bow Saw
33:49 Horse Collar
34:15 Elite Skirmisher
42:07 Husbandry
44:40 Bodkin Arrow
46:41 Thumb Ring
50:00 Leather Archer Armor
50:44 Wheelbarrow
51:45 Ballistics
56:28 Heavy Plow
57:41 Hand Cart
62:29 Imperial Age
62:44 Bloodlines
63:40 Parthian Tactics
64:11 Light Cavalry
Connection lost

Rejoining the realm…

Still unreachable

The connection could not be restored.

Session expired

The server has moved on; the page needs a fresh start.